 Dungeon Crawl Stone Soup version 0.22-a0-374-g5dfd9e3 (webtiles) character file.

13030 iamserjio the Destroyer (level 11, -1/115 HPs)
             Began as a Demonspawn Fire Elementalist on Apr 26, 2018.
             Was an Elder of Vehumet.
             Slain by a phantasmal warrior (25 damage)
             ... led by a death knight
             ... on level 10 of the Dungeon.
             The game lasted 00:56:15 (15470 turns).

iamserjio the Destroyer (DsFE)                     Turns: 15470, Time: 00:56:16

Health: -1/115     AC: 25    Str:  8    XL:     11   Next: 70%
Magic:  0/24       EV:  2    Int: 21    God:    Vehumet [****..]
Gold:   337        SH:  8    Dex: 13    Spells: 8/29 levels left

rFire    + . .     SeeInvis .   G - +2 whip (elec)
rCold    + . .     Gourm    .   e - +3 buckler
rNeg     + + +     Faith    .   (armour currently unavailable)
rPois    +         Spirit   +   (helmet currently unavailable)
rElec    .         Reflect  .   (cloak currently unavailable)
rCorr    .         Harm     .   (gloves currently unavailable)
MR       .....     NoTele   +   (boots currently unavailable)
Stlth    ++........             J - amulet of the acrobat
HPRegen  0.29/turn              h - ring of protection from fire
MPRegen  0.38/turn              B - ring of protection from cold

@: tree-form, vulnerable, very slightly contaminated, invisible
A: demonic guardian 1, sense surroundings 1, magic shield, magic regeneration
a: Renounce Religion


You were on level 10 of the Dungeon.
You worshipped Vehumet.
Vehumet was greatly pleased with you.
You were not hungry.
You were a tree.
You visited 2 branches of the dungeon, and saw 13 of its levels.
You also visited: Ossuary.

You collected 569 gold pieces.
You spent 232 gold pieces at shops.

Inventory:

Hand Weapons
 b - a +0 short sword
 E - a +2 mace of draining
 G - a +2 whip of electrocution (weapon)
Armour
 a - a +0 robe (melded)
 e - a +3 buckler (worn)
 v - the cursed +0 pair of gloves "Hero's Friend" (melded) {Str+2 Slay+2}
   (You found it on level 5 of the Dungeon)

   It affects your strength (+2).
   It affects your accuracy and damage with ranged weapons and melee attacks
   (+2).
   It has a curse placed upon it.
 w - a +1 cloak of magic resistance (melded)
 z - a cursed +0 scale mail
Magical Staves
 H - an uncursed staff of poison
Jewellery
 h - a ring of protection from fire (left branch)
 B - a ring of protection from cold (right branch)
 C - an uncursed ring of protection from fire
 J - an amulet of the acrobat (around neck)
Wands
 o - a wand of flame (48)
 t - a wand of iceblast (22)
 u - a wand of paralysis (16)
 F - a wand of digging (24)
Scrolls
 g - a scroll of fog {unknown}
 p - 5 scrolls of remove curse
 x - a scroll of magic mapping {unknown}
 y - 3 scrolls of teleportation
 A - 2 scrolls of random uselessness {unknown}
 D - a scroll of acquirement {unknown}
Potions
 d - 3 potions of flight
 f - 2 potions of haste
 i - 2 potions of cancellation
 j - a potion of invisibility
 k - 4 potions of curing
 l - 2 potions of lignification
 m - a potion of magic {unknown}
 r - 4 potions of heal wounds
 s - 2 potions of resistance
Comestibles
 c - 6 rations
 q - 2 chunks of flesh


   Skills:
 + Level 4.0 Fighting
 - Level 1.7 Dodging
 - Level 1.7 Stealth
 - Level 4.1 Shields
 + Level 9.6 Spellcasting
 + Level 10.3 Conjurations
 * Level 10.0 Fire Magic


You had 8 spell levels left.
You knew the following spells:

 Your Spells              Type           Power        Failure   Level  Hunger
a - Flame Tongue          Conj/Fire      #####        1%          1    None
b - Conjure Flame         Conj/Fire      ######..     1%          3    None
c - Sticky Flame          Conj/Fire      ######..     1%          4    ##.....
d - Fireball              Conj/Fire      ######....   1%          5    ####...
e - Blink                 Tloc           N/A          11%         2    None
f - Mephitic Cloud        Conj/Pois/Air  ###.....     1%          3    None
g - Ignite Poison         Fire/Tmut/Pois ###.....     1%          3    None


Dungeon Overview and Level Annotations

Branches:
Dungeon (12/15)            Temple (1/1) D:5            Lair (0/6) D:11
    Orc: D:9-12

Altars:
Ashenzari
Elyvilon
Fedhas
Hepliaklqana
Kikubaaqudgha
Makhleb
Nemelex Xobeh
Okawaru
Qazlal
Ru
Sif Muna
Vehumet
Wu Jian
Xom
Yredelemnul
The Shining One
Beogh

Shops:
D:11 [

Annotations:
D:7 2 transporters


Innate Abilities, Weirdness & Mutations

((You have a pair of horns on your head.))
((You are mostly covered in icy blue scales. (AC +3)))
A weak demonic guardian rushes to your aid.
When hurt, damage is shared between your health and your magic reserves.
You regenerate magic rapidly.
You passively map a small area around you.


Message History

The cursed +0 pair of gloves "Hero's Friend" {Str+2 Slay+2} melds into your body.
Your +0 robe melds into your body.
You feel less resistant to hostile enchantments.
Your roots penetrate the ground.
Your quasit bites the phantasmal warrior but does no damage.
Your quasit misses the phantasmal warrior.
Your quasit claws the phantasmal warrior but does no damage.
The phantasmal warrior hits you!
You hit the phantasmal warrior but do no damage.
The phantasmal warrior is lightly damaged.
Your quasit barely misses the phantasmal warrior.
Your quasit claws the phantasmal warrior but does no damage. x2
The phantasmal warrior hits you!!
* * * LOW HITPOINT WARNING * * *
Your quasit misses the phantasmal warrior.
Your quasit claws the phantasmal warrior but does no damage. x2
You hit the phantasmal warrior but do no damage.
The phantasmal warrior is lightly damaged.
The phantasmal warrior hits you!!
You die...

#.....##....................#
......##...########.######.####
......##...###########..##.##.##
.................#.............#
#.....##.........#.............##
#.....##.....######..##.###.....#
........©....##5.##..##.###..####
..#############..W'...........#
### ##♣5#...........# ## ,
*#.######.###.##### .# *
#.######.###[###.. .#*
#........#.)..[... .# .......
#........#........ .# .8.8|##
#........#........ .# .$_$..
*#........#........ ### ,8}8.
*#..###...##..###.. ###.


C)! , #..###...##..###.> You could see a phantasmal warrior, a friendly quasit
and a friendly white imp.

Vanquished Creatures
  Erolcha (D:9)
  A hydra (D:11)
  A two-headed ogre (D:9)
  An orc high priest (D:10)
  A cyclops (D:10)
  Joseph (D:8)
  A kobold demonologist (D:11)
  A troll (D:11)
  Grinder (D:3)
  A hippogriff (D:7)
  Prince Ribbit (D:6)
  The ghost of TheNamelessOne the Cudgeler, an amateur VSCK of Xom (D:5)
  2 yaks (D:11)
  A vampire (D:10)
  Grum (D:8)
  A human (D:9)
  A hungry ghost (D:7)
  An acid dragon (D:11)
  5 orc warriors
  An ice beast (D:5)
  A black bear (D:10)
  An eye of draining (D:11)
  2 phantoms
  2 sky beasts
  5 ogres
  4 wolves
  7 centaurs
  The ghost of iamserjio the Firebug, an amateur DsFE (D:3)
  3 big kobolds (D:11)
  5 bullfrogs
  A water moccasin zombie (D:7)
  3 scorpions
  A troll zombie (Ossuary)
  19 killer bees
  A bullfrog zombie (D:5)
  5 crimson imps
  2 centaur zombies (Ossuary)
  5 hounds
  5 orc priests
  2 jellies
  3 bullfrog skeletons
  2 iguanas
  6 orc wizards
  11 worker ants
  A killer bee zombie (D:8)
  2 ogre zombies (Ossuary)
  A hound skeleton (D:4)
  7 mummies (Ossuary)
  A worker ant zombie (D:10)
  7 adders
  3 gnolls
  A howler monkey skeleton (D:4)
  A shadow imp (D:10)
  2 adder skeletons
  4 adder zombies (Ossuary)
  4 worms
  3 dart slugs
  A leopard gecko (D:2)
  32 orcs
  8 bats
  3 bat zombies (D:8)
  5 giant cockroaches
  8 goblins
  8 hobgoblins
  9 jackals
  17 kobolds
  6 quokkas
  3 ball pythons
  10 frilled lizards
  6 goblin zombies (Ossuary)
  3 hobgoblin zombies (Ossuary)
  A jackal skeleton (D:6)
  3 kobold zombies (Ossuary)
  2 orc zombies (Ossuary)
  2 quokka skeletons
  6 quokka zombies
  5 rats
  3 rat zombies (Ossuary)
300 creatures vanquished.

Vanquished Creatures (collateral kills)
  3 two-headed ogres
  A hippogriff (D:10)
  A yak (D:11)
  A scorpion (D:7)
  A crimson imp (D:5)
  A bullfrog zombie (D:11)
  3 orc priests
  An orc wizard (D:10)
  An orc (D:5)
  A quokka (D:5)
  A kobold (D:11)
15 creatures vanquished.

Vanquished Creatures (others)
  2 orc wizards (D:10)
2 creatures vanquished.

Grand Total: 317 creatures vanquished

Notes
Turn   | Place    | Note
-------+----------+-------------------------------------------
     0 | D:1      | iamserjio the Demonspawn Fire Elementalist began the quest for the Orb.
     0 | D:1      | Reached XP level 1. HP: 13/13 MP: 3/3
   374 | D:1      | Gained mutation: You are partially covered in icy blue scales. (AC +2) [demonic ancestry]
   374 | D:1      | Reached XP level 2. HP: 11/19 MP: 0/5
  1283 | D:1      | Gained mutation: You have a pair of small horns on your head. [demonic ancestry]
  1283 | D:1      | Reached XP level 3. HP: 10/24 MP: 0/6
  1702 | D:2      | Learned a level 3 spell: Conjure Flame
  1785 | D:2      | Found a hazy altar of Hepliaklqana.
  1786 | D:2      | Found a shimmering altar of Xom.
  1786 | D:2      | Noticed a hell beast
  1787 | D:2      | Noticed a spectral ugly thing
  1787 | D:2      | Noticed a hell beast
  1819 | D:2      | Gained mutation: A weak demonic guardian rushes to your aid. [demonic ancestry]
  1819 | D:2      | Reached XP level 4. HP: 27/30 MP: 0/8
  2574 | D:3      | Noticed iamserjio's ghost (amateur DsFE)
  3259 | D:3      | Gained mutation: You have a pair of horns on your head. [demonic ancestry]
  3259 | D:3      | Reached XP level 5. HP: 28/35 MP: 3/9
  3306 | D:3      | Killed iamserjio's ghost
  3397 | D:3      | Noticed Grinder
  3409 | D:3      | Killed Grinder
  3409 | D:3      | Gained mutation: When hurt, damage is shared between your health and your magic reserves. [demonic ancestry]
  3409 | D:3      | Reached XP level 6. HP: 41/41 MP: 4/11
  3916 | D:4      | Learned a level 4 spell: Sticky Flame
  4400 | D:4      | Gained mutation: You are mostly covered in icy blue scales. (AC +3) [demonic ancestry]
  4400 | D:4      | Reached XP level 7. HP: 46/46 MP: 9/13
  4714 | D:5      | Entered Level 5 of the Dungeon
  4768 | D:5      | Reached skill level 5 in Fire Magic
  4879 | D:5      | Noticed TheNamelessOne's ghost (amateur VSCK)
  4892 | D:5      | Killed TheNamelessOne's ghost
  4892 | D:5      | Reached skill level 5 in Conjurations
  4988 | D:5      | Paralysed by an orc for 2 turns
  5000 | D:5      | Reached skill level 5 in Spellcasting
  5219 | D:5      | Reached XP level 8. HP: 52/52 MP: 9/15
  5230 | D:5      | Got a pair of twisted gloves
  5541 | D:5      | Found a staircase to the Ecumenical Temple.
  5566 | Temple   | Entered the Ecumenical Temple
  5683 | Temple   | Became a worshipper of Vehumet
  5807 | D:5      | Learned a level 5 spell: Fireball
  6329 | D:5      | Identified the cursed +0 pair of gloves "Hero's Friend" {Str+2 Slay+2} (You found it on level 5 of the Dungeon)
  6392 | D:6      | Found a sand-covered staircase.
  6397 | Ossuary  | Entered an ossuary
  6588 | Ossuary  | Reached * piety under Vehumet
  6588 | Ossuary  | Offered knowledge of Magic Dart by Vehumet.
  7356 | D:6      | Found a blossoming altar of Fedhas.
  7363 | D:6      | Offered knowledge of Sandblast by Vehumet.
  7432 | D:6      | Reached ** piety under Vehumet
  7866 | D:6      | Noticed Prince Ribbit
  7871 | D:6      | Killed Prince Ribbit
  7871 | D:6      | Reached XP level 9. HP: 44/57 MP: 7/18
  8323 | D:7      | Found a transporter.
  8325 | D:7      | Noticed a cyclops
  8326 | D:7      | Found a stormy altar of Qazlal.
  8326 | D:7      | Found a transporter.
  9027 | D:7      | Offered knowledge of Static Discharge by Vehumet.
  9031 | D:7      | Found an ornate altar of the Wu Jian Council.
  9492 | D:8      | Noticed Joseph
  9509 | D:8      | Killed Joseph
  9814 | D:8      | Learned a level 2 spell: Blink
  9818 | D:8      | Learned a level 3 spell: Mephitic Cloud
  9829 | D:8      | Noticed Grum
  9833 | D:7      | Reached *** piety under Vehumet
 10376 | D:8      | Reached XP level 10. HP: 63/63 MP: 15/21
 10703 | D:8      | Found an ancient bone altar of Kikubaaqudgha.
 10796 | D:8      | Offered knowledge of Ignite Poison by Vehumet.
 10836 | D:8      | Learned a level 3 spell: Ignite Poison
 10904 | D:8      | Killed Grum
 11516 | D:9      | Noticed a two-headed ogre
 11524 | D:9      | Killed a two-headed ogre
 11683 | D:9      | Noticed Erolcha
 11692 | D:9      | Killed Erolcha
 12630 | D:10     | Entered Level 10 of the Dungeon
 12758 | D:10     | Reached **** piety under Vehumet
 12763 | D:10     | Reached skill level 1 in Shields
 12941 | D:10     | Reached skill level 1 in Fighting
 13080 | D:10     | Noticed a two-headed ogre
 13093 | D:10     | Killed a two-headed ogre
 13321 | D:10     | Found an iron altar of Okawaru.
 13356 | D:10     | Noticed a two-headed ogre
 13395 | D:10     | Killed a two-headed ogre
 13395 | D:10     | Offered knowledge of Lee's Rapid Deconstruction by Vehumet.
 13395 | D:10     | Gained mutation: You regenerate magic rapidly. [demonic ancestry]
 13395 | D:10     | Reached XP level 11. HP: 29/72 MP: 1/24
 13743 | D:11     | Noticed a two-headed ogre
 13750 | D:11     | Killed a two-headed ogre
 13753 | D:11     | Noticed a four-headed hydra
 14026 | D:10     | Found a transporter.
 14248 | D:10     | Noticed an orc high priest
 14248 | D:10     | Found a roughly hewn altar of Beogh.
 14261 | D:10     | Killed an orc high priest
 14261 | D:10     | Reached skill level 10 in Conjurations
 14264 | D:10     | Gained mutation: You are frail. (-10% HP) [potion of mutation]
 14264 | D:10     | Gained mutation: Scrolls take you a little longer to read. [potion of mutation]
 14264 | D:10     | Gained mutation: You evolve. [potion of mutation]
 14371 | D:10     | Lost mutation: Scrolls take you a little longer to read. [potion of mutation]
 14371 | D:10     | Lost mutation: You evolve. [potion of mutation]
 14371 | D:10     | Gained mutation: You passively map a small area around you. [potion of mutation]
 14371 | D:10     | Lost mutation: You are frail. (-10% HP) [potion of mutation]
 14442 | D:11     | Found Zayrig's Antique Armour Emporium.
 14725 | D:11     | Noticed a four-headed hydra
 14730 | D:11     | Killed a four-headed hydra
 14732 | D:11     | Noticed a skeletal warrior
 14733 | D:11     | Noticed a two-headed ogre
 14734 | D:11     | Noticed a death knight
 14947 | D:11     | Found a staircase to the Lair.
 15381 | D:11     | Reached skill level 10 in Fire Magic
 15388 | D:11     | Bought a runed cloak for 232 gold pieces
 15444 | D:11     | Noticed a phantasmal warrior
 15470 | D:10     | Slain by a phantasmal warrior

Vault maps used:
D:1:      dpeg_arrival_rhombi
D:2:      regret_index_temple_of_mockery
D:3:      uniq_grinder
D:4:      first_ration
D:5:      minmay_temple_entry_metal_lava, minmay_bent
D:6:      fedhas_bush_and_centaur_altar, enter_ossuary_5, uniq_prince_ribbit1
D:7:      lemuel_crystal_altar, gammafunk_temple_overflow_arena
D:8:      lemuel_zombie_altar_kikubaaqudgha, uniq_joseph, uniq_grum
D:9:      grunt_pizzeria, uniq_erolcha
D:10:     gammafunk_beogh_shrine, okawaru_trees_2
D:11:     dpeg_oklobed_lair, serial_shops, shop, nicolae_trove_entry_crystal
D:12:     orc_0_dummy
Temple:   regret_index_temple_sphere_string
Ossuary:  ossuary_boxes_badplayer

Skill      XL: |  1  2  3  4  5  6  7  8  9 10 11 |
---------------+----------------------------------+-----
Fire Magic     | 3 4 5 6 8 9 10 | 10.0
Conjurations   | 2 3 4 5 7 8 9 10 | 10.3
Spellcasting   | 3 4 5 6 7 9 |  9.6
Shields        | 2 4 |  4.1
Fighting       | 2 4 |  4.0
Dodging        | |  1.7
Stealth        | |  1.7

Action                   |  1- 3 |  4- 6 |  7- 9 | 10-12 || total
-------------------------+-------+-------+-------+-------++-------
Melee: Short sword       |    40 |    27 |   251 |    14 ||   332
       Headbutt          |     1 |     5 |    47 |    11 ||    64
       Staff             |       |       |       |    45 ||    45
       Whip              |       |       |       |     8 ||     8
 Cast: Flame Tongue      |    65 |    96 |   201 |   166 ||   528
       Conjure Flame     |       |     2 |     6 |    13 ||    21
       Sticky Flame      |       |     1 |    35 |    45 ||    81
       Fireball          |       |       |     7 |    30 ||    37
Evoke: Wand              |       |       |    13 |     5 ||    18
  Use: Scroll            |       |     6 |    10 |     5 ||    21
       Potion            |       |       |       |    14 ||    14
 Stab: Paralysed         |       |       |    15 |       ||    15
       Sleeping          |       |       |     8 |       ||     8
       Distracted        |       |       |       |     1 ||     1
       Invisible         |       |       |       |     1 ||     1
  Eat: Chunk             |     3 |     8 |    10 |     9 ||    30
       Ration            |       |       |     5 |     5 ||    10
Armor: Robe              |    29 |    12 |    74 |    43 ||   158
       Skin              |       |       |       |     3 ||     3
Dodge: Dodged            |    66 |    35 |   160 |   115 ||   376
Block: Buckler           |       |       |       |    21 ||    21

Table legend:
 A = Spawn XP
 B = Non-spawn XP
 C = Spawn XP percentage of total XP
 D = Spawn monster count
 E = Non-spawn monster count
 F = Spawn count percentage of total count
 G = Total turns spent on level
                    A         B        C        D         E        F      G
               +---------+---------+-------+---------+---------+-------+---------
         Total |       0 |   18615 |   0.0 |       0 |     315 |   0.0 | 15470
               +---------+---------+-------+---------+---------+-------+---------
           D:1 |       0 |      50 |   0.0 |       0 |      23 |   0.0 |  1505
           D:2 |       0 |      84 |   0.0 |       0 |      24 |   0.0 |  1378
           D:3 |       0 |     411 |   0.0 |       0 |      24 |   0.0 |   933
           D:4 |       0 |     302 |   0.0 |       0 |      13 |   0.0 |   898
           D:5 |       0 |     875 |   0.0 |       0 |      35 |   0.0 |  1472
           D:6 |       0 |     903 |   0.0 |       0 |      17 |   0.0 |   793
           D:7 |       0 |    1265 |   0.0 |       0 |      21 |   0.0 |  1348
           D:8 |       0 |    1847 |   0.0 |       0 |      33 |   0.0 |  1755
           D:9 |       0 |    2600 |   0.0 |       0 |      12 |   0.0 |  1461
          D:10 |       0 |    5269 |   0.0 |       0 |      38 |   0.0 |  2391
          D:11 |       0 |    4625 |   0.0 |       0 |      38 |   0.0 |   447
       Ossuary |       0 |     384 |   0.0 |       0 |      37 |   0.0 |   939
               +---------+---------+-------+---------+---------+-------+---------
